Map: Jagannatha LE

Players

MeomaikA - Winner!

  • Race: Zerg Zerg

Ranger

  • Race: Protoss Protoss

Event: DreamHack SC2 Masters 2021 Fall

VOD

Have the link to the VOD?

Description

Time

  • Played on: July 28, 2021, 5:24 a.m.
  • Length: 9:32

All games in this series

Show
View Real Time Build Order
Export as new Build Order

MeomaikA Zerg - Winner!

Build Orders: Pool First 

Get SALT Encoding   

  12  0:00  Drone  
  13  0:08  Drone  
  14  0:16  Overlord  
  14  0:23  Drone, Extractor  
  15  0:34  Drone  
  15  0:35  Drone  
  17  0:45  Spawning Pool  
  17  0:48  Drone  
  17  1:01  Drone  
  18  1:06  Drone  
  19  1:15  Extractor  
  18  1:18  Hatchery  
  17  1:31  Queen, Zergling x4  
  21  1:37  Drone  
  22  1:47  Overlord  
  22  2:05  Drone  
  22  2:07  Queen  
  25  2:09  Drone  
  25  2:15  Metabolic Boost  
  26  2:21  Drone  
  27  2:30  Overlord  
  27  2:31  Drone  
  28  2:39  Drone x2  
  28  2:41  Drone x2  
  32  2:45  Drone  
  31  2:53  Drone x2  
  33  3:03  Drone  
  33  3:04  Drone  
  35  3:07  Hatchery  
  35  3:11  Lair  
  34  3:14  Zergling x2  
  34  3:17  Zergling x2  
  34  3:18  Extractor  
  35  3:21  Zergling x2  
  35  3:22  Zergling x2  
  35  3:23  Drone  
  38  3:27  Drone x2  
  38  3:29  Drone  
  41  3:36  Drone x2  
  41  3:39  Drone  
  43  3:45  Drone  
  41  3:48  Drone  
  41  3:50  Drone  
  41  3:55  Spore Crawler  
  42  3:56  Spore Crawler, Drone x2  
  43  4:03  Overlord x2  
  43  4:16  Drone x3, Hydralisk Den  
  43  4:24  Zergling x4  
  45  4:26  Drone x3  
  45  4:27  Overlord  
  48  4:34  Overlord  
  48  4:36  Drone x2  
  50  4:39  Drone  
  50  4:40  Drone  
  50  4:41  Drone  
  50  4:45  Hydralisk, Muscular Augments  
  55  4:48  Hydralisk  
  55  4:51  Hydralisk  
  58  4:56  Hydralisk  
  58  4:58  Hydralisk  
  62  5:01  Hydralisk  
  64  5:10  Hydralisk  
  64  5:13  Drone x2  
  64  5:14  Drone x4  
  68  5:17  Zergling x2  
  70  5:24  Extractor  
  70  5:25  Zergling x6  
  70  5:31  Zergling x8  
  73  5:35  Zergling x2  
  73  5:36  Overlord  
  74  5:43  Overlord  
  74  5:48  Overlord  
  74  5:55  Overlord, Zergling x6  
  78  5:57  Hydralisk x2  
  78  5:59  Grooved Spines  
  78  6:02  Hydralisk  
  84  6:05  Hydralisk x2  
  84  6:09  Hydralisk  
  88  6:16  Hydralisk  
  88  6:18  Zergling x6  
  90  6:24  Drone  
  92  6:26  Extractor  
  92  6:27  Hydralisk  
  92  6:29  Hydralisk  
  92  6:30  Queen x2  
  99  6:34  Hydralisk  
  99  6:36  Zergling x4  
  99  6:42  Zergling x8  
  99  6:45  Zergling x2  
  102  6:48  Hydralisk  
  102  6:52  Hydralisk  
  105  6:55  Hydralisk  
  105  6:59  Zergling x2  
  105  7:00  Zergling x4  
  104  7:02  Hydralisk  
  97  7:09  Hydralisk  
  97  7:11  Zergling x4  
  97  7:14  Hydralisk  
  103  7:19  Hydralisk  
  103  7:21  Zergling x4  
  104  7:24  Drone  
  104  7:29  Overlord  
  103  7:38  Hydralisk  
  103  7:41  Hydralisk  
  104  7:48  Zergling x8  
  104  7:49  Hydralisk x3  
  114  7:55  Hydralisk  
  114  7:58  Overlord  
  112  8:02  Queen  
  112  8:03  Overlord  
  108  8:13  Hydralisk x2  
  108  8:14  Hydralisk x2  
  108  8:18  Hydralisk  
  105  8:20  Zergling x6  
  105  8:22  Zergling x2  
  105  8:23  Zergling x2  
  105  8:25  Zergling x2  
  110  8:27  Zergling x2  
  110  8:28  Zergling x2  
  110  8:31  Hydralisk  
  111  8:35  Zergling x2  
  111  8:36  Zergling x2  
  111  8:37  Hydralisk  
  110  8:44  Hydralisk x2  
  108  8:49  Hydralisk  
  108  8:50  Hydralisk  
  108  8:53  Drone  
  108  8:55  Hydralisk  
  111  8:59  Hydralisk  
  111  9:01  Hydralisk  
  116  9:05  Hydralisk  
  116  9:06  Drone  
  114  9:10  Drone  
  114  9:14  Drone  
  114  9:16  Drone  
Show
View Real Time Build Order
Export as new Build Order

Ranger Protoss 

Build Orders: 1 Gate Expand 

Get SALT Encoding   

  12  0:00  Probe  
  13  0:12  Probe  
  14  0:20  Pylon  
  14  0:24  Probe  
  15  0:38  Probe (Chrono Boost)  
  15  0:39  Gateway  
  16  0:47  Probe (Chrono Boost)  
  16  0:49  Assimilator  
  17  0:52  Probe  
  18  1:04  Probe  
  19  1:16  Probe  
  20  1:24  Nexus  
  20  1:33  Cybernetics Core  
  20  1:36  Probe  
  21  1:44  Assimilator  
  21  1:48  Probe  
  21  1:52  Pylon  
  22  2:01  Probe  
  23  2:07  Adept (Chrono Boost)  
  23  2:13  Probe  
  26  2:18  Warp Gate  
  26  2:19  Gateway  
  26  2:25  Probe  
  27  2:30  Adept  
  27  2:32  Gateway  
  29  2:37  Probe  
  30  2:50  Probe (Chrono Boost)  
  31  2:53  Stargate  
  31  2:56  Probe (Chrono Boost)  
  32  3:02  Probe (Chrono Boost)  
  36  3:06  Probe (Chrono Boost)  
  36  3:09  Adept, Probe (Chrono Boost)  
  37  3:13  Probe  
  37  3:19  Probe  
  39  3:25  Probe  
  40  3:27  Pylon  
  40  3:30  Adept  
  40  3:31  Probe  
  43  3:37  Probe  
  43  3:40  Void Ray (Chrono Boost)  
  44  3:48  Probe  
  44  3:50  Probe  
  44  3:55  Pylon  
  46  4:00  Probe  
  46  4:02  Assimilator, Probe  
  48  4:12  Probe  
  48  4:13  Adept  
  49  4:17  Pylon  
  49  4:22  Nexus  
  49  4:23  Oracle (Chrono Boost), Probe  
  49  4:25  Probe  
  49  4:30  Assimilator  
  53  4:35  Adept  
  53  4:36  Probe  
  56  4:39  Probe  
  57  4:46  Forge  
  57  4:48  Probe  
  57  4:50  Oracle (Chrono Boost)  
  57  4:51  Probe  
  62  5:00  Probe  
  63  5:12  Probe  
  63  5:13  Probe  
  65  5:15  Void Ray (Chrono Boost), Stargate  
  65  5:17  Shield Battery x2  
  65  5:20  Pylon  
  61  5:25  Stargate  
  61  5:28  Probe  
  67  5:29  Photon Cannon  
  67  5:30  Probe  
  67  5:36  Sentry, Zealot  
  71  5:46  Probe  
  71  5:47  Void Ray (Chrono Boost), Probe  
  75  5:58  Void Ray (Chrono Boost)  
  75  6:02  Photon Cannon  
  75  6:07  Probe  
  75  6:08  Probe x2  
  82  6:13  Zealot x2  
  82  6:16  Void Ray (Chrono Boost)  
  90  6:20  Probe  
  90  6:23  Probe  
  92  6:27  Shield Battery  
  92  6:29  Probe  
  92  6:30  Pylon  
  93  6:40  Assimilator  
  93  6:42  Pylon, Void Ray (Chrono Boost)  
  93  6:43  Assimilator  
  93  6:44  Probe  
  93  6:45  Pylon, Shield Battery  
  93  6:48  Pylon, Sentry, Probe  
  93  6:50  Pylon  
  93  6:52  Pylon  
  100  6:58  Void Ray (Chrono Boost)  
  100  6:59  Void Ray (Chrono Boost)  
  102  7:08  Zealot  
  102  7:15  Zealot  
  104  7:17  Void Ray (Chrono Boost)  
  104  7:22  Twilight Council  
  98  7:26  Probe x2  
  98  7:28  Probe  
  105  7:30  Gateway  
  105  7:31  Gateway  
  105  7:33  Void Ray (Chrono Boost)  
  105  7:39  Zealot  
  109  7:45  Photon Cannon  
  109  7:46  Photon Cannon  
  109  7:50  Pylon  
  109  7:52  Pylon, Probe x3  
  112  8:02  Photon Cannon  
  112  8:03  Pylon  
  112  8:04  Probe x3  
  105  8:16  Zealot  
  88  8:23  Photon Cannon  
  88  8:24  Void Ray (Chrono Boost)  
  88  8:25  Shield Battery  
  91  8:29  Zealot x2  
  98  8:35  Void Ray x2 (Chrono Boost)  
  100  8:45  Zealot  
  91  8:52  Void Ray (Chrono Boost), Zealot x2  
  84  9:14  Zealot x2  

Tags
 
Add a new tag
Caveats
  • Supply blocks, unpowered buildings, or Contaminate may cause inaccurate times.
  • Supply counts are checked every 10 seconds.